 Dungeon Crawl Stone Soup version 0.21.0-25-ge575cb9 (webtiles) character file.

1943 Moloch the Spear-Bearer (level 8, -4/62 HPs)
             Began as a Mummy Fighter on Jan 23, 2018.
             Was a Priest of Okawaru.
             Slain by an ogre
             ... wielding a +0 giant club
              (26 damage)
             ... on level 7 of the Dungeon.
             The game lasted 00:11:20 (6082 turns).

Moloch the Spear-Bearer (Mummy Fighter)             Turns: 6082, Time: 00:11:21

Health: -4/62      AC: 11    Str: 19    XL:     8   Next: 98%
Magic:  8/8        EV:  5    Int:  8    God:    Okawaru [***...]
Gold:   359        SH:  0    Dex: 13    Spells: 5/7 levels left

rFire    x . .     SeeInvis .   m - +0 halberd
rCold    + . .     Gourm    .   (shield currently unavailable)
rNeg     + + +     Faith    .   b - +0 plate armour
rPois    ∞         Spirit   .   (no helmet)
rElec    .         Reflect  .   (no cloak)
rCorr    .         Harm     .   (no gloves)
MR       +....                  (no boots)
Stlth    ..........             (no amulet)
HPRegen  0.20/turn              (no ring)
MPRegen  0.11/turn              (no ring)

@: no status effects
A: no food or potions, fire vulnerability, cold resistance 1, negative energy
resistance 3, torment resistance, unbreathing
a: Heroism, Renounce Religion


You were on level 7 of the Dungeon.
You worshipped Okawaru.
Okawaru was most pleased with you.
You were not hungry.

You visited 1 branch of the dungeon, and saw 6 of its levels.
You also visited: Ossuary.

You collected 359 gold pieces.

Inventory:

Hand Weapons
 a - a +0 trident
 m - a +0 halberd (weapon)
 o - a +0 glaive
Missiles
 n - 2 throwing nets (quivered)
Armour
 b - a +0 plate armour (worn)
Wands
 h - a wand of iceblast (5)
 k - a wand of polymorph (12)
 l - a wand of disintegration (7)
Scrolls
 c - 3 scrolls of teleportation {unknown}
 d - 2 scrolls of amnesia
 e - 2 scrolls of blinking
 f - a scroll of enchant weapon
 g - 4 scrolls of remove curse
 i - 2 scrolls of fog
 j - 2 scrolls of fear


   Skills:
 + Level 5.3 Fighting
 * Level 9.2 Polearms
 - Level 2.4 Armour
   Level 2.4 Shields


You had 5 spell levels left.
You knew the following spells:

 Your Spells              Type           Power        Failure   Level  Hunger
a - Blink                 Tloc           N/A          100%        2    N/A

Dungeon Overview and Level Annotations

Branches:
Dungeon (5/15)
 Temple: D:4-7

Altars:
Hepliaklqana
Kikubaaqudgha
Nemelex Xobeh
Okawaru


Innate Abilities, Weirdness & Mutations

You do not eat or drink.
Your flesh is vulnerable to fire.
You are immune to poison.
Your flesh is cold resistant. (rC+)
You are immune to negative energy. (rN+++)
You are immune to unholy pain and torment.
You can survive without breathing.


Message History

You hit the ogre but do no damage.
The ogre is heavily wounded.
The ogre barely misses you.
Your plate armour prevents you from hitting the ogre.
The ogre is heavily wounded.
The ogre hits you with a giant club!
You barely miss the ogre.
The ogre is heavily wounded.
You hit the ogre but do no damage.
The ogre is heavily wounded.
The ogre barely misses you.
Your plate armour prevents you from hitting the ogre.
The ogre is heavily wounded.
The ogre hits you with a giant club!
Something hits the plant.
You are too injured to fight recklessly!
You are too injured to fight recklessly!
You barely miss the ogre.
The ogre is heavily wounded.
The ogre hits you with a giant club!!
You die...

##.###.P♣ ♣..P♣ ...♣
####...##.P♣♣♣...♣♣♣P..♣
#.........P.......P...PP
#.##...##...............
.[###.###........P..P.PP #####.#
#..♣♣♣...♣♣♣P..♣ ......# #.P♣
♣..P♣ P..♣ #######
#.P♣♣♣..P♣♣♣...♣ #....P..@OPPP..P
### #...............
..#######.(...P.PP......
#..........♣♣♣..P♣♣♣...♣
..#######.P♣ ♣..P♣ ..P♣
.########.P♣♣♣...♣♣♣P..♣ P).♣♣♣.
...........P.P.....PP.PPPPP..P..P
########.........................
#..P.....PP..P..P.....PP .


You could see an ogre.

Vanquished Creatures
  Menkaure (D:5)
  An ice beast (D:5)
  An ogre (D:4)
  A centaur (D:5)
  2 bullfrogs (D:7)
  3 elf skeletons (D:5)
  A human zombie (D:5)
  2 bullfrog zombies (D:5)
  A centaur zombie (D:5)
  4 gnoll shamans (D:4)
  5 hounds
  3 orc wizards
  3 orc priests
  Ijyb (D:5)
  2 worker ants
  A hound zombie (D:5)
  3 mummies (Ossuary)
  34 gnolls (D:4)
  7 adders
  4 oozes
  2 adder zombies (Ossuary)
  A worm (D:5)
  4 dart slugs
  5 leopard geckos
  15 orcs
  6 giant cockroaches
  3 goblins
  11 hobgoblins
  23 jackals
  4 kobolds
  3 quokkas
  4 ball pythons
  5 bats
  4 frilled lizards
  A gnoll zombie (Ossuary)
  2 goblin zombies (Ossuary)
  2 hobgoblin zombies (Ossuary)
  A jackal skeleton (D:5)
  A kobold zombie (Ossuary)
  A leopard gecko zombie (D:5)
  An orc skeleton (D:5)
  2 orc zombies
  3 quokka zombies (Ossuary)
  10 rats
  6 rat zombies (Ossuary)
200 creatures vanquished.

Notes
Turn   | Place    | Note
-------+----------+-------------------------------------------
     0 | D:1      | Moloch the Mummy Fighter began the quest for the Orb.
     0 | D:1      | Reached XP level 1. HP: 18/18 MP: 1/1
    45 | D:1      | Reached skill level 2 in Polearms
    45 | D:1      | Reached XP level 2. HP: 24/24 MP: 2/2
   386 | D:2      | Reached XP level 3. HP: 12/29 MP: 3/3
   590 | D:2      | Found an iron altar of Okawaru.
   595 | D:2      | Learned a level 2 spell: Blink
   602 | D:2      | Became a worshipper of Warmaster Okawaru
   799 | D:2      | Reached skill level 3 in Polearms
   836 | D:2      | Reached XP level 4. HP: 21/35 MP: 4/4
  1049 | D:2      | Found a faded altar of an unknown god.
  1589 | D:3      | Found a sparkling altar of Nemelex Xobeh.
  1599 | D:3      | Found an ancient bone altar of Kikubaaqudgha.
  1820 | D:3      | Reached XP level 5. HP: 42/42 MP: 5/5
  2112 | D:4      | Reached skill level 4 in Polearms
  2526 | D:4      | Reached XP level 6. HP: 33/48 MP: 6/6
  2619 | D:4      | Found a hazy altar of Hepliaklqana.
  2719 | D:4      | Reached * piety under Okawaru
  2719 | D:4      | Reached skill level 5 in Polearms
  3311 | D:4      | Reached XP level 7. HP: 37/54 MP: 7/7
  3337 | D:4      | Reached skill level 6 in Polearms
  4024 | D:4      | Reached ** piety under Okawaru
  4182 | D:4      | Reached skill level 7 in Polearms
  4551 | D:5      | Entered Level 5 of the Dungeon
  4634 | D:5      | Found a sand-covered staircase.
  4658 | D:5      | Reached XP level 8. HP: 58/61 MP: 8/8
  4662 | Ossuary  | Entered an ossuary
  5110 | D:4      | Reached skill level 8 in Polearms
  5321 | D:5      | Reached skill level 5 in Fighting
  5385 | D:5      | Noticed Menkaure
  5394 | D:5      | Killed Menkaure
  5423 | D:5      | Noticed Ijyb
  5429 | D:5      | Killed Ijyb
  5719 | D:5      | Reached skill level 9 in Polearms
  5875 | D:5      | You fall through a shaft for 2 floors!
  6072 | D:7      | Reached *** piety under Okawaru
  6082 | D:7      | Slain by an ogre

Skill      XL: |  1  2  3  4  5  6  7  8 |
---------------+-------------------------+-----
Polearms       | 2 3 4 5 7 9 |  9.2
Fighting       | 4 5 |  5.3
Armour         | |  2.4
Shields        | |  2.4

Action                   |  1- 3 |  4- 6 |  7- 9 || total
-------------------------+-------+-------+-------++-------
Melee: Trident           |   142 |   313 |    78 ||   533
       Halberd           |       |       |   368 ||   368
Invok: Heroism           |       |       |     1 ||     1
Evoke: Wand              |       |       |     4 ||     4
  Use: Scroll            |       |       |    12 ||    12
Armor: Scale mail        |     4 |       |       ||     4
       Chain mail        |    83 |   106 |    75 ||   264
       Plate armour      |       |       |   136 ||   136
Dodge: Dodged            |    42 |    73 |   107 ||   222
Block: Shield            |     4 |       |       ||     4
       Buckler           |    47 |    58 |    18 ||   123
